 Dungeon Crawl Stone Soup version 0.16-a0-3841-g2612308 (webtiles) character file.

280 Psiweapon the Twirler (level 6, -4/38 HPs)
             Began as a Gargoyle Gladiator on Jan 30, 2015.
             Slain by an ogre
             ... wielding a +0 giant club
              (10 damage)
             ... on level 5 of the Dungeon.
             The game lasted 00:15:25 (3849 turns).

Psiweapon the Twirler (Gargoyle Gladiator)          Turns: 3849, Time: 00:15:26

Health: -4/38      AC: 14    Str: 19    XL:     6   Next: 27%
Magic:  6/6        EV: 11    Int: 13    God:
Gold:   101        SH:  0    Dex: 10    Spells: 0 memorised, 5 levels left

rFire  . . .     SeeInvis .     a - +0 quarterstaff
rCold  + . .     Clarity  .     x - +2 ring mail {rC+}
rNeg   + . .     SustAb   .     (no shield)
rPois  ∞         Gourm    .     c - +0 helmet
rElec  +         Spirit   .     l - +0 cloak
rCorr  .         Warding  .     (no gloves)
rMut   .         Stasis   .     (no boots)
MR     .....                    (no amulet)
Stlth  +.........               D - ring of invisibility
                                b - +3 ring of intelligence

@: not resistant to hostile enchantments, very unstealthy
A: negative energy resistance 1, electricity resistance, unbreathing,
petrification resistance, rot immunity, AC +4
a: Evoke Invisibility


You were on level 5 of the Dungeon.
You were not hungry.

You visited 1 branch of the dungeon, and saw 5 of its levels.

You collected 254 gold pieces.
You spent 153 gold pieces at shops.

Inventory:

Hand weapons
 a - a +0 quarterstaff (weapon)
 r - a +0 hunting sling
Missiles
 d - 2 throwing nets
 m - 78 stones
 n - 72 bolts
 p - 23 sling bullets
 F - 2 tomahawks of returning (quivered)
Armour
 c - a +0 helmet (worn)
 l - a +0 cloak (worn)
 x - a +2 ring mail of cold resistance (worn)
 B - a +0 ring mail of fire resistance
Jewellery
 b - a +3 ring of intelligence (left hand)
 h - an uncursed ring of sustain abilities
 D - a ring of invisibility (right hand)
Scrolls
 e - 2 scrolls of teleportation {unknown}
 i - 6 scrolls of remove curse
 j - 11 scrolls of identify
 o - 4 scrolls of random uselessness {unknown}
 q - 2 scrolls of noise
 s - 3 scrolls of immolation
 t - 2 scrolls of enchant armour {unknown}
 v - 5 scrolls of fear {unknown}
 y - 2 scrolls of fog {unknown}
 A - a scroll of enchant weapon {unknown}
 C - a scroll of blinking
Potions
 g - a potion of restore abilities {unknown}
 k - a potion of haste {unknown}
 E - a potion of brilliance {unknown}
 G - a potion of cure mutation {unknown}
Comestibles
 f - 3 bread rations
 u - 8 fruits
 z - a meat ration


   Skills:
 + Level 3.7 Fighting
 + Level 4.4 Staves
 + Level 2.4 Throwing
 + Level 2.3 Armour
 + Level 3.4 Dodging
 + Level 0.8 Stealth


You had 5 spell levels left.
You didn't know any spells.

Dungeon Overview and Level Annotations

Branches:
Dungeon (5/15)
 Temple: D:4-7

Altars:
Zin

Shops:
D:4 ?


Innate Abilities, Weirdness & Mutations

You are resistant to torment.
You are immune to poison.
Your stone body is very resilient (AC +4).
You resist negative energy.
You are resistant to electric shocks.
You can survive without breathing.
You are immune to petrification.
You are immune to rotting.


Message History

Press: ? - help, Shift-Dir - straight line, f/p - ogre
Aim: an ogre, wielding a giant club (heavily wounded)
You throw a tomahawk of returning.
The tomahawk of returning hits the ogre but does no damage.
The ogre is heavily wounded.
The tomahawk of returning returns to your pack!
You sock the ogre!
The ogre is severely wounded.
The ogre hits you with a giant club!
You hit the ogre.
The ogre is almost dead.
The ogre closely misses you.
You hit the ogre.
The ogre is almost dead.
The ogre hits you with a giant club!
* * * LOW HITPOINT WARNING * * *
You hit the ogre.
The ogre is almost dead.
The ogre hits you with a giant club!
You die...

#.###############
##............#..####
.......O@...........##
......#############..####
### .............
#..#####'#.. # #.)###
#..#.. #'##.. ##+#..#'#
#........


You could see an ogre.

Vanquished Creatures
  An orc priest (D:4)
  An orc wizard (D:3)
  A worker ant (D:4)
  Ijyb (D:2)
  4 adders
  A giant mite (D:2)
  3 worms
  A giant gecko (D:4)
  2 oozes
  19 orcs
  10 bats
  8 hobgoblins
  3 jackals (D:3)
  2 quokkas
  A ball python (D:3)
  5 giant cockroaches
  5 giant newts
  12 goblins
  A jackal skeleton (D:4)
  13 kobolds
  11 rats
105 creatures vanquished.

Vanquished Creatures (others)
  A goblin (D:1)
1 creature vanquished.

Grand Total: 106 creatures vanquished

Notes
Turn   | Place    | Note
--------------------------------------------------------------
     0 | D:1      | Psiweapon, the Gargoyle Gladiator, began the quest for the Orb.
     0 | D:1      | Reached XP level 1. HP: 12/12 MP: 1/1
    86 | D:1      | Reached XP level 2. HP: 12/18 MP: 2/2
   925 | D:2      | Reached XP level 3. HP: 22/22 MP: 3/3
  1394 | D:2      | Reached skill level 1 in Armour
  1439 | D:2      | Noticed Ijyb
  1455 | D:2      | Killed Ijyb
  1455 | D:2      | Reached XP level 4. HP: 27/27 MP: 4/4
  1785 | D:2      | Found a glowing silver altar of Zin.
  2158 | D:3      | Reached XP level 5. HP: 32/32 MP: 5/5
  2411 | D:3      | Reached skill level 4 in Staves
  2720 | D:4      | Found Werusaog's Magic Scroll Emporium.
  2744 | D:4      | Bought a scroll of identify for 22 gold pieces
  2744 | D:4      | Bought a scroll of immolation for 38 gold pieces
  2744 | D:4      | Bought a scroll of blinking for 82 gold pieces
  2744 | D:4      | Bought a scroll of noise for 11 gold pieces
  3036 | D:4      | Reached XP level 6. HP: 32/37 MP: 6/6
  3709 | D:5      | Entered Level 5 of the Dungeon
  3849 | D:5      | Slain by an ogre

Action                   |  1- 3 |  4- 6 || total
-------------------------+-------+-------++-------
Melee: Quarterstaff      |   104 |   250 ||   354
Throw: Stone             |    38 |    43 ||    81
       Throwing net      |     1 |     3 ||     4
       Tomahawk          |       |     8 ||     8
  Use: Scroll            |       |     1 ||     1
 Stab: Held in net/web   |     1 |     1 ||     2
  Eat: Chunk             |     2 |     8 ||    10
